 Dungeon Crawl Stone Soup version 0.25-a0-737-g26c3a87c45 (webtiles) character file.

Game seed: 16613543708562228886, levelgen mode: deterministic

611 Esekla the Slasher (level 7, -5/54 HPs)
             Began as a Barachi Warper on Apr 11, 2020.
             Was a Follower of Ashenzari.
             Killed from afar by an electric eel (7 damage)
             ... with a bolt of electricity
             ... on level 8 of the Dungeon.
             The game lasted 00:40:42 (6040 turns).

Esekla the Slasher (Barachi Warper)                 Turns: 6040, Time: 00:40:42

Health: -5/54      AC:  5    Str: 12    XL:     7   Next: 44%
Magic:  0/11       EV: 13    Int: 15    God:    Ashenzari [*.....]
Gold:   368        SH:  0    Dex: 12    Spells: 8/12 levels left

rFire    . . .     SeeInvis .   a - +0 falchion
rCold    . . .     Gourm    .   (no shield)
rNeg     . . .     Faith    .   t - +0 leather armour (curse)
rPois    .         Spirit   +   (no helmet)
rElec    .         Reflect  .   i - scarf {Spirit}
rCorr    .         Harm     .   h - +0 pair of gloves
MR       .....                  b - +0 pair of boots (curse)
Stlth    +.........             (no amulet)
HPRegen  0.18/turn              (no ring)
MPRegen  0.12/turn              (no ring)

@: lethally poisoned (-5 -> -26), marked, can't hop, very slightly contaminated,
slow
A: +LOS, swims, slowness 1, strong legs 1
a: Hop, Curse Item, Scrying, Renounce Religion


You were on level 8 of the Dungeon.
You worshipped Ashenzari.
Ashenzari was aware of your devotion.
You were hungry.

You visited 1 branch of the dungeon, and saw 8 of its levels.

You collected 368 gold pieces.

Inventory:

Hand Weapons
 a - a +0 falchion (weapon)
 v - a +2 short sword of holy wrath
Missiles
 e - 5 boomerangs of dispersal
 k - 16 poisoned darts (quivered)
 n - 9 boomerangs
Armour
 b - a cursed +0 pair of boots (worn)
 h - a +0 pair of gloves (worn)
 i - a scarf of spirit shield (worn)
 t - a cursed +0 leather armour (worn)
Jewellery
 o - an uncursed ring of fire
Scrolls
 c - 3 scrolls of fear {unknown}
 d - 3 scrolls of blinking
 g - 5 scrolls of teleportation
 j - 3 scrolls of identify
 p - a scroll of magic mapping {unknown}
 q - 2 scrolls of enchant armour {unknown}
 s - 2 scrolls of fog {unknown}
 u - 2 scrolls of enchant weapon {unknown}
 y - a scroll of amnesia {unknown}
 z - 3 scrolls of summoning {unknown}
Potions
 l - a potion of stabbing {unknown}
 w - a potion of brilliance {unknown}
 x - a potion of degeneration {unknown}
Comestibles
 f - 7 rations
 r - a chunk of flesh


   Skills:
 * Level 4.1 Fighting
 + Level 0.6(3.5) Short Blades
 * Level 6.2 Long Blades
 + Level 1.3 Throwing
 + Level 2.8 Armour
 + Level 3.9 Dodging
 * Level 3.2 Spellcasting
 * Level 2.5 Charms
 - Level 3.2 Translocations


You had 8 spell levels left.
You knew the following spells:

 Your Spells              Type           Power        Failure   Level  Hunger
a - Shroud of Golubria    Chrm/Tloc      ##....       12%         2    ##.....
b - Blink                 Tloc           N/A          10%         2    ##.....

Your spell library contained the following spells:

 Spells                   Type           Power        Failure   Level  Hunger
 Gell's Gravitas          Tloc           ##........   19%         3    ###....
 Lesser Beckoning         Tloc           ##........   19%         3    ###....
 Teleport Other           Tloc           ##......     19%         3    ###....
 Passage of Golubria      Tloc           N/A          54%         4    #####..


Dungeon Overview and Level Annotations

Branches:
Dungeon (8/15)
 Temple: D:4-7         Lair: D:8-11

Altars:
Ashenzari
Dithmenos
Kikubaaqudgha
Nemelex Xobeh
Sif Muna
Trog
The Shining One

Annotations:
D:3 , 1 runed translucent door, Crazy Yiuf
D:7 Harold


Innate Abilities, Weirdness & Mutations

You can be seen from farther away. (+LOS)
You can swim through water.
You cover ground slowly.
You can hop short distances.


Message History

The killer bee poisons you!
Unknown command.
You feel much better.
You feel sick. The killer bee stings you.
* * * LOW HITPOINT WARNING * * *
You are more poisoned.
The killer bee poisons you! The killer bee stings you.
* * * LOW HITPOINT WARNING * * *
The killer bee barely misses you. The killer bee closely misses you.
You riposte.
You closely miss the killer bee.
The killer bee is lightly wounded.
The killer bee stings you.
* * * LOW HITPOINT WARNING * * *
* * * LOW HITPOINT WARNING * * *
You feel sick.
You miss the killer bee.
* * * LOW HITPOINT WARNING * * *
You feel sick. The killer bee misses you.
The electric eel shoots out a bolt of lightning at you!
The bolt of electricity hits you!
You die...

##.............
#............# .
#............### ..
#...%....≈≈≈.≈. ≈≈
#...).....≈≈≈≈ ≈≈
#......h(S♣ ≈♣ #......≈≈♣
.≈♣ ###.......S♣♣♣≈≈≈♣♣♣≈
...##........≈yy@≈≈.≈≈≈≈≈
......<......≈≈.y≈≈.≈..≈≈
.......#......≈≈≈≈≈.≈≈≈≈≈
..#.####......≈♣♣♣≈≈≈♣♣♣≈
.. ##.....≈♣ ≈.≈♣ #.
#.....≈♣ ≈≈;♣ . #....≈≈≈≈
.≈≈≈ #.....≈≈≈. ≈≈.≈≈
##....≈≈≈≈ ≈≈≈≈≈


You could see a howler monkey, 3 killer bees, an electric eel and a ball python.

Vanquished Creatures
  A scorpion (D:4)
  A crimson imp (D:7)
  A bullfrog zombie (D:5)
  2 hounds (D:4)
  7 worker ants
  A worker ant zombie (D:3)
  A howler monkey zombie (D:5)
  8 adders
  7 gnolls
  An adder skeleton (D:4)
  A worm (D:5)
  2 dart slugs (D:1)
  2 leopard geckos
  14 orcs
  A ball python (D:2)
  3 bats
  4 giant cockroaches
  4 hobgoblins
  8 jackals
  4 quokkas
  3 frilled lizards
  10 goblins
  2 jackal skeletons (D:4)
  5 kobolds
  A leopard gecko skeleton (D:5)
  A quokka skeleton (D:5)
  11 rats
106 creatures vanquished.

Notes
Turn   | Place    | Note
-------+----------+-------------------------------------------
     0 | D:1      | Esekla the Barachi Warper began the quest for the Orb.
     0 | D:1      | Reached XP level 1. HP: 17/17 MP: 3/3
   159 | D:1      | Reached XP level 2. HP: 23/23 MP: 5/5
   239 | D:1      | Learned a level 2 spell: Shroud of Golubria
   320 | D:1      | Reached skill level 3 in Long Blades
   629 | D:1      | Learned a level 2 spell: Blink
   688 | D:1      | Reached XP level 3. HP: 28/28 MP: 3/6
  1135 | D:2      | Found a shattered altar of Ashenzari.
  1175 | D:2      | Became a worshipper of Ashenzari the Shackled
  1275 | D:2      | Found a shimmering blue altar of Sif Muna.
  1278 | D:2      | Found a glowing golden altar of the Shining One.
  1770 | D:2      | HP: 1/29 [worker ant (1)]
  1774 | D:2      | Reached XP level 4. HP: 13/35 MP: 1/7
  2060 | D:2      | Found a bloodstained altar of Trog.
  2338 | D:3      | Found a transporter.
  2338 | D:3      | Found a shadowy altar of Dithmenos.
  2342 | D:3      | Found a transporter.
  2451 | D:3      | Reached skill level 1 in Charms
  2831 | D:3      | Reached skill level 4 in Long Blades
  2859 | D:3      | Found a runed translucent door.
  2860 | D:3      | Noticed Crazy Yiuf
  2978 | D:3      | Reached XP level 5. HP: 35/41 MP: 5/8
  3040 | D:3      | Reached * piety under Ashenzari
  4138 | D:4      | Reached XP level 6. HP: 48/48 MP: 7/10
  4294 | D:4      | Reached skill level 5 in Long Blades
  4494 | D:5      | Entered Level 5 of the Dungeon
  5392 | D:5      | Found a sparkling altar of Nemelex Xobeh.
  5437 | D:5      | Found an ancient bone altar of Kikubaaqudgha.
  5475 | D:5      | Reached XP level 7. HP: 54/54 MP: 11/11
  5997 | D:7      | Reached skill level 6 in Long Blades
  6008 | D:7      | Noticed Harold
  6037 | D:8      | HP: 2/54 [killer bee (6)]
  6040 | D:8      | Killed from afar by an electric eel

Levels and vault maps discovered:
D:1:      dpeg_arrival_morbid_curiosity, layout_basic
D:2:      layout_loops_cross, grunt_temple_overflow_open,
          overflow_temple_1_default, bloody_trog
D:3:      wad_lake_hut, layout_loops_ring, gammafunk_temple_overflow_arena,
          serial_glass, glass_columns_a, glass_columns_c, first_ration,
          minmay_fountain_box, uniq_crazy_yiuf_cottage
D:4:      layout_basic, elyvilon_altar_5, minmay_between
D:5:      layout_loops_corners, overflow_temple_1_default,
          kennysheep_little_box, sigmund_army, uniq_edmund
D:6:      layout_rooms, overflow_temple_1_default, minmay_temple_entry_wispy,
          minmay_small_thing, uniq_sigmund
D:7:      layout_layer_cave, fedhas_altar_fruit_tree,
          nicolae_overflow_crystal_walls, grunt_ogre_cave,
          kennysheep_generic_room_8, uniq_harold, uniq_pikel
D:8:      layout_layer_cave, serial_shops, nicolae_shop_stone, kennysheep_boxes

Skill      XL: |  1  2  3  4  5  6  7 |
---------------+----------------------+-----
Long Blades    | 3 4 5 6 |  6.2
Fighting       | 3 4 |  4.1
Armour         | 2 |  2.8
Charms         | 1 2 |  2.5
Dodging        | 3 |  3.9
Spellcasting   | 3 |  3.2
Short Blades   | |  0.6
Throwing       | |  1.3
Translocations | |  3.2

Action                   |  1- 3 |  4- 6 |  7- 9 || total
-------------------------+-------+-------+-------++-------
Melee: Falchion          |   149 |   282 |    79 ||   510
       Short sword       |       |    36 |    11 ||    47
Throw: Dart              |     4 |     2 |     6 ||    12
 Cast: Shroud of Golubri |     9 |    18 |     8 ||    35
 Abil: Hop               |     1 |     1 |     1 ||     3
  Use: Potion            |     1 |     2 |     1 ||     4
       Scroll            |       |     2 |     1 ||     3
  Eat: Chunk             |     3 |    12 |     3 ||    18
       Ration            |       |     1 |       ||     1
Armor: Leather armour    |    55 |    77 |    25 ||   157
Dodge: Dodged            |   139 |   233 |    79 ||   451
       Rpst.: Falchion   |    32 |    67 |    24 ||   123

Table legend:
 A = Non-vault XP
 B = Vault XP
 C = Vault XP percentage of total XP
 D = Non-vault monster count
 E = Vault monster count
 F = Vault count percentage of total count
                 A         B        C        D         E       F
            +---------+---------+-------+---------+---------+-------
      Total |     771 |     103 |  11.8 |      93 |      13 |  12.3
            +---------+---------+-------+---------+---------+-------
        D:1 |      32 |       9 |  22.0 |      17 |       5 |  22.7
        D:2 |      91 |       0 |   0.0 |      17 |       0 |   0.0
        D:3 |      53 |      37 |  41.1 |      21 |       4 |  16.0
        D:4 |     262 |      43 |  14.1 |      18 |       3 |  14.3
        D:5 |     190 |      14 |   6.9 |      13 |       1 |   7.1
        D:6 |      93 |       0 |   0.0 |       6 |       0 |   0.0
        D:7 |      50 |       0 |   0.0 |       1 |       0 |   0.0
            +---------+---------+-------+---------+---------+-------
